 Dungeon Crawl Stone Soup version 0.24.0-123-gd5b16e6ec5 (webtiles) character file.

Game seed: 7786618053782202826, levelgen mode: deterministic

114 Johnny the Slasher (level 4, -2/36 HPs)
             Began as a Demigod Gladiator on Jan 20, 2020.
             Killed from afar by Sigmund (3 damage)
             ... with a magic dart
             ... on level 3 of the Dungeon.
             The game lasted 00:02:31 (2217 turns).

Johnny the Slasher (Demigod Gladiator)              Turns: 2217, Time: 00:02:31

Health: -2/36      AC: 12    Str: 24    XL:     4   Next: 40%
Magic:  6/6        EV: 13    Int: 12    God:
Gold:   125        SH:  0    Dex: 22    Spells: 3/3 levels left

rFire    + . .     SeeInvis .   a - +0 long sword
rCold    + . .     Gourm    .   (no shield)
rNeg     . . .     Faith    .   o - +0 plate armour
rPois    +         Spirit   .   i - +1 hat
rElec    +         Reflect  .   n - +0 cloak
rCorr    +         Harm     .   (no gloves)
MR       .....                  (no boots)
Stlth    ..........             (no amulet)
HPRegen  0.12/turn              l - ring of attention (curse)
MPRegen  0.10/turn              (no ring)

@: mighty, agile, lethally poisoned (-2 -> -21), resistant, flying, very
slightly contaminated, invisible
A: high mp 1
a: no special abilities


You were on level 3 of the Dungeon.
You were hungry.

You visited 1 branch of the dungeon, and saw 3 of its levels.

You collected 125 gold pieces.

Inventory:

Hand Weapons
 a - a +0 long sword (weapon)
Missiles
 d - 4 throwing nets (quivered)
Armour
 b - a +0 leather armour
 c - a +0 helmet
 i - a +1 hat (worn)
 n - a +0 cloak (worn)
 o - a +0 plate armour (worn)
Jewellery
 l - a cursed ring of attention (left hand)
 v - a +2 amulet of reflection
Scrolls
 j - 2 scrolls of fear {unknown}
 k - a scroll of enchant weapon {unknown}
 m - a scroll of identify {unknown}
 s - 2 scrolls of teleportation {unknown}
 u - 2 scrolls of remove curse {unknown}
Potions
 g - a potion of agility
Comestibles
 f - 4 rations
 t - 3 chunks of flesh


   Skills:
 - Level 1.7 Fighting
 * Level 5.0 Long Blades
 - Level 1.7 Throwing
 - Level 2.6 Dodging


You had 3 spell levels left.
You didn't know any spells.
Your spell library was empty.

Dungeon Overview and Level Annotations

Branches:
Dungeon (3/15)

Annotations:
D:3 Sigmund


Innate Abilities, Weirdness & Mutations

You have an increased reservoir of magic. (+10% MP)


Message History

You feel sick.
You hear some strange, mumbled words.
A magic dart appears from out of thin air!
The magic dart hits you but does no damage.
You are feeling hungry.
You hit something.
* * * LOW HITPOINT WARNING * * *
You feel sick. Something hits you.
* * * LOW HITPOINT WARNING * * *
You closely miss something.
* * * LOW HITPOINT WARNING * * *
You feel sick. Something hits you but does no damage.
You are more poisoned.
You slash something!
* * * LOW HITPOINT WARNING * * *
You feel sick.
You hear some strange, mumbled words.
A magic dart appears from out of thin air!
The magic dart hits you.
You die...

..............#
.{.............# ####
####>...............#
#....#†).........^......##
#....#.## ....##.....##
#....## #### #######
###...# ##..#.############
##..##..{@.........
#..################ #.##
###.# ### #...# ##8# #.###
#.(# ###.# #_.. #...# ##..
#.### #8.#


There were no monsters in sight!

Vanquished Creatures
  3 adders
  2 oozes
  A worm (D:3)
  3 leopard geckos
  An orc (D:3)
  2 ball pythons
  A giant cockroach (D:2)
  6 goblins
  9 hobgoblins
  7 jackals
  8 kobolds
  13 bats
  A frilled lizard (D:1)
  A jackal skeleton (D:3)
  9 rats
67 creatures vanquished.

Notes
Turn   | Place    | Note
-------+----------+-------------------------------------------
     0 | D:1      | Johnny the Demigod Gladiator began the quest for the Orb.
     0 | D:1      | Reached XP level 1. HP: 17/17 MP: 3/3
    28 | D:1      | Reached skill level 3 in Long Blades
   193 | D:1      | Reached XP level 2. HP: 24/24 MP: 4/4
   705 | D:2      | Reached XP level 3. HP: 28/29 MP: 5/5
   709 | D:2      | Reached skill level 4 in Long Blades
   775 | D:2      | Found a shattered altar of Ashenzari.
  1242 | D:2      | Found a sparkling altar of Nemelex Xobeh.
  1519 | D:3      | Noticed Sigmund
  1741 | D:3      | Reached XP level 4. HP: 8/36 MP: 6/6
  2078 | D:3      | Found a shimmering altar of Xom.
  2078 | D:3      | Found a shimmering altar of Xom.
  2099 | D:3      | Found a hide-covered altar of Uskayaw.
  2102 | D:3      | Found a white marble altar of Elyvilon.
  2184 | D:3      | Reached skill level 5 in Long Blades
  2217 | D:3      | HP: 1/36 [poisoned by Sigmund]
  2217 | D:3      | Killed from afar by Sigmund

Levels and vault maps discovered:
D:1:      evilmike_arrival_plus, layout_loops_ring
D:2:      layout_basic, evilmike_ruin_ashenzari, nemelex_altar_shiori,
          first_ration
D:3:      layout_rooms, minitemple, xom_redecorated, uniq_sigmund

Skill      XL: |  1  2  3  4 |
---------------+-------------+-----
Long Blades    | 3 4 5 |  5.0
Fighting       | |  1.7
Throwing       | |  1.7
Dodging        | |  2.6

Action                   |  1- 3 |  4- 6 || total
-------------------------+-------+-------++-------
Melee: Long sword        |   126 |    52 ||   178
  Use: Potion            |       |     7 ||     7
  Eat: Chunk             |     2 |     2 ||     4
Armor: Leather armour    |    27 |       ||    27
       Plate armour      |    49 |    42 ||    91
Dodge: Dodged            |    79 |    24 ||   103
       Rpst.: Long sword |    34 |     3 ||    37
